 Dungeon Crawl Stone Soup version 0.24.0-123-gd5b16e6ec5 (webtiles) character file.

Game seed: 1763977349751112950, levelgen mode: deterministic

2644 SeryemSoup the Thaumaturge (level 9, -1/66 HPs)
             Began as a Gnoll Wizard on Jan 11, 2020.
             Was a Believer of Okawaru.
             Slain by Joseph
             ... wielding a +0 quarterstaff
              (4 damage)
             ... on level 7 of the Dungeon.
             The game lasted 00:33:19 (9267 turns).

SeryemSoup the Thaumaturge (Gnoll Wizard)           Turns: 9267, Time: 00:33:20

Health: -1/66      AC: 12    Str: 13    XL:     9   Next: 62%
Magic:  26/30      EV: 17    Int: 26    God:    Okawaru [**....]
Gold:   592        SH:  0    Dex: 13    Spells: 13/24 levels left

rFire    . . .     SeeInvis .   C - +1 whip of Exoneration {freeze, Int+5}
rCold    . . .     Gourm    .   (no shield)
rNeg     . . .     Faith    .   t - +3 ring mail
rPois    .         Spirit   .   w - +0 helmet
rElec    .         Reflect  .   (no cloak)
rCorr    .         Harm     .   (no gloves)
MR       .....                  s - +1 pair of boots
Stlth    ++........             (no amulet)
HPRegen  0.21/turn              i - +4 ring of evasion
MPRegen  0.22/turn              g - ring of magical power

@: berserk cooldown, hasted and slowed
A: distributed training, fangs 1, strong nose
a: Heroism, Renounce Religion


You were on level 7 of the Dungeon.
You worshipped Okawaru.
Okawaru was pleased with you.
You were not hungry.

You visited 2 branches of the dungeon, and saw 9 of its levels.
You also visited: Sewer.

You collected 592 gold pieces.

Inventory:

Hand Weapons
 v - a +0 hunting sling
 B - a +0 dagger
 C - the +1 whip of Exoneration (weapon) {freeze, Int+5}
   (You found it on level 4 of the Dungeon)

   It has been specially enchanted to freeze those struck by it, causing extra
   injury to most foes and up to half again as much damage against particularly
   susceptible opponents.
   It can also slow down cold-blooded creatures.
   It affects your intelligence (+5).
Missiles
 c - 76 sling bullets
 N - a throwing net (quivered)
Armour
 a - a +0 robe
 b - a +0 hat
 k - a cursed +0 robe
 l - a +0 ring mail
 s - a +1 pair of boots (worn)
 t - a +3 ring mail (worn)
 w - a +0 helmet (worn)
Magical Staves
 K - an uncursed staff of wizardry
Jewellery
 g - a ring of magical power (right hand)
 i - a +4 ring of evasion (left hand)
 y - an uncursed ring of protection from fire
Wands
 m - a wand of flame (47)
 M - a wand of random effects (18)
Scrolls
 e - 4 scrolls of remove curse
 h - a scroll of brand weapon {unknown}
 j - 3 scrolls of amnesia
 z - 4 scrolls of identify
 A - 6 scrolls of teleportation
 D - 2 scrolls of enchant weapon {unknown}
 E - a scroll of fear {unknown}
 G - 2 scrolls of fog {unknown}
 H - a scroll of blinking
 I - a scroll of enchant armour
Potions
 f - a potion of agility
 n - a potion of cancellation
 o - 2 potions of mutation
 q - 2 potions of haste
 r - 2 potions of heal wounds {unknown}
 u - a potion of ambrosia {unknown}
 x - 3 potions of flight {unknown}
 F - 2 potions of curing {unknown}
 J - a potion of magic {unknown}
 L - a potion of might {unknown}
Comestibles
 d - 18 rations
 O - a chunk of flesh


   Skills:
 + Level 4.3 Fighting
 + Level 4.3 Short Blades
 + Level 4.3 Long Blades
 + Level 4.3 Axes
 + Level 4.3 Maces & Flails
 + Level 4.3 Polearms
 + Level 4.3 Staves
 + Level 4.3 Slings
 + Level 4.3 Bows
 + Level 4.3 Crossbows
 + Level 4.3 Throwing
 + Level 4.3 Armour
 + Level 6.4 Dodging
 + Level 6.1 Stealth
 + Level 4.3 Shields
 + Level 4.3 Unarmed Combat
 + Level 8.4 Spellcasting
 + Level 4.2 Conjurations
 + Level 3.5 Hexes
 + Level 3.5 Charms
 + Level 4.2 Summonings
 + Level 3.5 Necromancy
 + Level 4.2 Translocations
 + Level 3.5 Transmutations
 + Level 3.5 Fire Magic
 + Level 3.5 Ice Magic
 + Level 3.5 Air Magic
 + Level 3.5 Earth Magic
 + Level 3.5 Poison Magic
 + Level 4.8 Invocations
 + Level 4.3 Evocations


You had 13 spell levels left.
You knew the following spells:

 Your Spells              Type           Power        Failure   Level  Hunger
a - Magic Dart            Conj           ####         1%          1    None
b - Call Imp              Summ           ####....     2%          2    None
e - Conjure Flame         Conj/Fire      ####....     6%          3    None
f - Mephitic Cloud        Conj/Pois/Air  ####....     7%          3    None
i - Blink                 Tloc           N/A          2%          2    None

Your spell library contained the following spells:

 Spells                   Type           Power        Failure   Level  Hunger
 Slow                     Hex            ####....     3%          2    None


Dungeon Overview and Level Annotations

Branches:
Dungeon (8/15)             Temple (1/1) D:5           Sewer (visited)
   Lair: D:8-11

Altars:
Ashenzari
Cheibriados
Dithmenos
Elyvilon
Fedhas
Gozag
Hepliaklqana
Kikubaaqudgha
Makhleb
Nemelex Xobeh
Okawaru
Qazlal
Ru
Sif Muna
Trog
Uskayaw
Vehumet
Wu Jian
Xom
Zin
The Shining One

Annotations:
D:7 Harold, Joseph


Innate Abilities, Weirdness & Mutations

Your experience applies equally to all skills.
You have very sharp teeth.
Your uncanny sense of smell can sniff out nearby items.


Message History

You are no longer berserk.
You are exhausted.
You feel yourself slow down. Joseph barely misses you.
You hit Joseph but do no damage.
Joseph is severely wounded.
Joseph closely misses you.
You hit Joseph but do no damage.
Joseph is severely wounded.
Joseph completely misses you.
You closely miss Joseph.
Joseph is severely wounded.
Joseph closely misses you.
You hit Joseph but do no damage.
Joseph is severely wounded.
Joseph hits you with a +0 quarterstaff!
* * * LOW HITPOINT WARNING * * *
Joseph barely misses you.
It was a potion of haste.
You feel yourself speed up. Joseph hits you with a +0 quarterstaff.
You die...

#.##...##.........#
#...####...........
#####.###......⌠.....
#......##...♣♣♣.♣....
#.###..#....♣...♣....
#.###..#....♣.⌠.♣....
#.##...#....♣...♣....
#.##@#.'....♣.♣♣♣...#
#.##@#.#.....⌠..)...#
#..>.((#...........##
####.####.........###
#.# ##......###.. #.#
#########..#
#.########..#.#..#
#.##>............#
#.##.##.##..###.##
#.....<.##......#


You could see Joseph.

Vanquished Creatures
  A hippogriff (D:7)
  A spriggan (D:7)
  A water moccasin (D:5)
  An orc warrior (D:4)
  An ice beast (D:6)
  A sky beast (D:6)
  A black bear (D:6)
  2 ogres
  2 centaurs
  Blork the orc (D:4)
  5 bullfrogs
  A wyvern skeleton (D:8)
  A scorpion (D:5)
  5 killer bees (D:6)
  A howler monkey (D:6)
  A centaur zombie (D:7)
  2 crimson imps (D:6)
  A quasit (D:7)
  A bullfrog zombie (D:8)
  A hound (D:6)
  2 orc priests (D:5)
  3 orc wizards
  Natasha (D:2)
  A worker ant (D:6)
  3 worker ant zombies
  9 adders
  An ooze (D:4)
  3 worms
  3 dart slugs
  6 leopard geckos
  20 orcs
  4 ball pythons
  8 bats
  11 giant cockroaches
  4 goblins
  11 hobgoblins
  17 jackals
  A quokka (D:2)
  9 frilled lizards
  5 kobolds
  2 leopard gecko skeletons
  A quokka skeleton (D:6)
  10 rats
166 creatures vanquished.

Vanquished Creatures (collateral kills)
  A crimson imp (D:2)
  2 orc priests (D:7)
  Natasha (twice) (D:2)
  3 worker ants
  An adder (Sewer)
  3 worms (D:3)
  2 leopard geckos
  2 orcs
  A ball python (D:6)
  A giant cockroach (Sewer)
  A hobgoblin (D:1)
  3 jackals
  A frilled lizard (Sewer)
  2 rats
25 creatures vanquished.

Grand Total: 191 creatures vanquished

Notes
Turn   | Place    | Note
-------+----------+-------------------------------------------
     0 | D:1      | SeryemSoup the Gnoll Wizard began the quest for the Orb.
     0 | D:1      | Reached XP level 1. HP: 13/13 MP: 8/8
   212 | D:1      | Reached XP level 2. HP: 19/19 MP: 3/10
   216 | D:1      | Learned a level 2 spell: Call Imp
   219 | D:1      | Learned a level 2 spell: Blink
   642 | D:1      | Reached XP level 3. HP: 25/25 MP: 9/11
  1059 | D:1      | Reached skill level 1 in Invocations
  1470 | D:2      | Reached skill level 1 in Fighting
  1470 | D:2      | Reached skill level 1 in Short Blades
  1470 | D:2      | Reached skill level 1 in Long Blades
  1470 | D:2      | Reached skill level 1 in Axes
  1470 | D:2      | Reached skill level 1 in Maces & Flails
  1470 | D:2      | Reached skill level 1 in Polearms
  1470 | D:2      | Reached skill level 1 in Staves
  1470 | D:2      | Reached skill level 1 in Slings
  1470 | D:2      | Reached skill level 1 in Bows
  1470 | D:2      | Reached skill level 1 in Crossbows
  1470 | D:2      | Reached skill level 1 in Throwing
  1470 | D:2      | Reached skill level 1 in Armour
  1470 | D:2      | Reached skill level 1 in Shields
  1470 | D:2      | Reached skill level 1 in Unarmed Combat
  1470 | D:2      | Reached skill level 1 in Evocations
  1470 | D:2      | Reached XP level 4. HP: 26/32 MP: 1/13
  1897 | D:2      | Found a glowing golden altar of the Shining One.
  2119 | D:2      | Reached skill level 1 in Hexes
  2119 | D:2      | Reached skill level 1 in Charms
  2119 | D:2      | Reached skill level 1 in Necromancy
  2119 | D:2      | Reached skill level 1 in Transmutations
  2119 | D:2      | Reached skill level 1 in Fire Magic
  2119 | D:2      | Reached skill level 1 in Ice Magic
  2119 | D:2      | Reached skill level 1 in Air Magic
  2119 | D:2      | Reached skill level 1 in Earth Magic
  2119 | D:2      | Reached skill level 1 in Poison Magic
  2199 | D:2      | Noticed Natasha
  2254 | D:2      | Killed Natasha
  2254 | D:2      | Reached XP level 5. HP: 25/37 MP: 0/14
  2493 | D:2      | Noticed Natasha
  2502 | D:2      | Killed Natasha
  2666 | D:2      | Noticed Natasha
  2673 | D:2      | Killed Natasha
  2676 | D:2      | Found a blossoming altar of Fedhas.
  3000 | D:3      | Learned a level 3 spell: Conjure Flame
  3004 | D:3      | Learned a level 3 spell: Mephitic Cloud
  3943 | D:4      | Found a radiant altar of Vehumet.
  3955 | D:4      | Noticed an ogre
  3976 | D:4      | Killed an ogre
  3976 | D:4      | Reached XP level 6. HP: 44/44 MP: 2/16
  3995 | D:4      | Noticed Blork the orc
  4028 | D:4      | Killed Blork the orc
  4028 | D:4      | Reached skill level 5 in Dodging
  4401 | D:4      | Noticed an orc warrior
  4407 | D:4      | Killed an orc warrior
  4447 | D:4      | Got an iridescent whip
  4447 | D:4      | Identified the cursed +1 whip of Exoneration {freeze,
                  | Int+5} (You found it on level 4 of the Dungeon)
  4498 | D:4      | Reached XP level 7. HP: 50/50 MP: 16/18
  4794 | D:5      | Entered Level 5 of the Dungeon
  5783 | D:5      | Found a staircase to the Ecumenical Temple.
  5855 | Temple   | Entered the Ecumenical Temple
  5883 | Temple   | Became a worshipper of Warmaster Okawaru
  6307 | D:6      | Found a shadowy altar of Dithmenos.
  6331 | D:5      | Reached skill level 5 in Stealth
  6571 | D:6      | Found a glowing drain.
  6585 | Sewer    | Entered a sewer
  6770 | Sewer    | Reached XP level 8. HP: 56/57 MP: 19/19
  6872 | D:6      | Noticed a brown ugly thing
  7213 | D:6      | Reached * piety under Okawaru
  7243 | D:6      | Reached skill level 8 in Spellcasting
  7647 | D:6      | Reached XP level 9. HP: 65/65 MP: 13/21
  8008 | D:6      | Found a sacrificial altar of Ru.
  8275 | D:7      | Noticed Harold
  8697 | D:7      | Found a glowing silver altar of Zin.
  9001 | D:7      | Reached ** piety under Okawaru
  9235 | D:7      | Noticed Joseph
  9266 | D:7      | HP: 3/66 [Joseph/+0 quarterstaff (16)]
  9267 | D:7      | Slain by Joseph

Levels and vault maps discovered:
D:1:      matt_arrival_grand_opening, layout_loops_ring, minmay_pentomino_v2
D:2:      wad_river_or_something, layout_basic, fedhas_ov_isle_minmay,
          overflow_temple_1_default, uniq_natasha
D:3:      layout_loops_ring, solitary_fountain
D:4:      layout_basic, vehumet_altar_wand_db, first_ration, uniq_blork_the_orc
D:5:      layout_basic, minmay_temple_entry_proselytizer
D:6:      minmay_cornered_nines, layout_basic,
          nicolae_ru_great_annihilating_truth, basic_altar, portal_sewer_entry_c
D:7:      layout_loops_cross, nicolae_overflow_hidden_temple, the_bakery,
          kennysheep_potato, uniq_harold, uniq_joseph
D:8:      layout_rooms, lemuel_zombie_altar_yredelemnul, basic_altar,
          lightli_minifort
Temple:   regret_index_temple_sphere_string

Skill      XL: |  1  2  3  4  5  6  7  8  9 |
---------------+----------------------------+-----
Conjurations   | 2 3 4 |  4.2
Summonings     | 2 3 4 |  4.2
Translocations | 2 3 4 |  4.2
Invocations    | 1 2 3 4 |  4.8
Fighting       | 1 2 3 4 |  4.3
Short Blades   | 1 2 3 4 |  4.3
Long Blades    | 1 2 3 4 |  4.3
Axes           | 1 2 3 4 |  4.3
Maces & Flails | 1 2 3 4 |  4.3
Polearms       | 1 2 3 4 |  4.3
Staves         | 1 2 3 4 |  4.3
Slings         | 1 2 3 4 |  4.3
Bows           | 1 2 3 4 |  4.3
Crossbows      | 1 2 3 4 |  4.3
Throwing       | 1 2 3 4 |  4.3
Armour         | 1 2 3 4 |  4.3
Shields        | 1 2 3 4 |  4.3
Unarmed Combat | 1 2 3 4 |  4.3
Evocations     | 1 2 3 4 |  4.3
Hexes          | 1 2 3 |  3.5
Charms         | 1 2 3 |  3.5
Necromancy     | 1 2 3 |  3.5
Transmutations | 1 2 3 |  3.5
Fire Magic     | 1 2 3 |  3.5
Ice Magic      | 1 2 3 |  3.5
Air Magic      | 1 2 3 |  3.5
Earth Magic    | 1 2 3 |  3.5
Poison Magic   | 1 2 3 |  3.5
Dodging        | 5 6 |  6.4
Stealth        | 5 6 |  6.1
Spellcasting   | 8 |  8.4

Action                   |  1- 3 |  4- 6 |  7- 9 || total
-------------------------+-------+-------+-------++-------
Melee: Club              |     1 |       |       ||     1
       Dagger            |    40 |    65 |       ||   105
       Bite              |     1 |    13 |    25 ||    39
       Whip              |       |     3 |   170 ||   173
       Punch             |       |       |     2 ||     2
 Cast: Magic Dart        |    89 |    96 |   270 ||   455
       Call Imp          |     6 |    22 |    22 ||    50
       Conjure Flame     |       |     3 |    14 ||    17
       Mephitic Cloud    |       |     3 |    19 ||    22
       Blink             |       |       |     5 ||     5
Evoke: Wand              |       |     2 |       ||     2
  Use: Scroll            |       |     8 |     6 ||    14
       Potion            |       |       |     2 ||     2
 Stab: Sleeping          |       |     2 |       ||     2
       Confused          |       |     2 |     5 ||     7
       Distracted        |       |       |     1 ||     1
  Eat: Chunk             |     2 |     9 |    15 ||    26
Armor: Robe              |     2 |       |       ||     2
       Ring mail         |    19 |    18 |    79 ||   116
Dodge: Dodged            |    61 |    52 |   201 ||   314
